AoeStats
← Quetzal!

Arabia

510818581Analyzed
3v3 RM · 1d ago on Oct 2, 2026· 59m 56s· 6 players
Game mode
Random Map
Map size
Normal (6 player)
Population
200
Speed
Normal
Resources
Standard
Victory
Conquest
Starting age
Dark Age
Ending age
Imperial Age
RankedLock teamsTeams togetherTeam positionsShared explorationLock speedFull tech treeHidden civsTurbo modeCheats
Victory
Defeat
🇨🇳 Koreans · China
844
+29
🇨🇱 Mapuche · Chile
786
+18
🇲🇽 Armenians · Mexico
768
+18
🇸🇪 Magyars · Sweden
853
-18
🇸🇪 Malians · Sweden
813
-17
🇸🇪 Teutons · Sweden
797
-16
Center <3
5:45 Loom
10:15 Feudal Age
11:13 Double-Bit Axe
13:32 Bloodlines
14:04 Scale Barding Armor
17:07 Wheelbarrow
17:28 Horse Collar
22:39 Castle Age
22:00 Fletching
22:11 Padded Archer Armor
23:02 Gold Mining
23:45 Bow Saw
24:14 Husbandry
24:22 Heavy Plow
25:55 Bodkin Arrow
27:55 Ballistics
28:14 Light Cavalry
29:27 Hand Cart
31:36 Gold Shaft Mining
31:30 Chain Barding Armor
31:25 Leather Archer Armor
31:53 Caravan
32:55 Thumb Ring
34:40 Stone Mining
34:34 Treadmill Crane
35:48 Masonry
39:13 Imperial Age
36:57 Murder Holes
40:54 Heavy Cavalry Archer
41:59 Parthian Tactics
43:20 Plate Barding Armor
42:46 Bracer
43:16 Ring Archer Armor
42:53 Recurve Bow
43:00 Corvinian Army
42:20 Elite Magyar Huszar
44:14 Two-Man Saw
43:11 Hussar
46:10 Town Watch
46:13 Pikeman
47:37 Town Patrol
48:39 Chemistry
49:07 Conscription
49:25 Elite Skirmisher
55:12 Hoardings
55:50 Scale Mail Armor
55:14 Halberdier
Shukrullah
2:22 Loom
12:54 Feudal Age
12:55 Man-at-Arms
17:10 Arson
24:46 Castle Age
27:01 Double-Bit Axe
27:01 Horse Collar
53:11 Wheelbarrow
MrKuk
0:36 Loom
13:55 Feudal Age
14:27 Man-at-Arms
16:53 Wheelbarrow
16:08 Double-Bit Axe
16:34 Horse Collar
19:38 Arson
27:00 Castle Age
26:09 Forging
26:00 Scale Mail Armor
26:07 Scale Barding Armor
26:17 Bloodlines
28:17 Hand Cart
28:37 Heavy Plow
28:50 Bow Saw
28:32 Gold Mining
36:41 Stone Mining
38:14 Chain Barding Armor
42:04 Ironclad
46:41 Imperial Age
48:31 Conscription
48:36 Crenellations
48:18 Cavalier
49:40 Squires
52:06 Iron Casting
51:47 Chain Mail Armor
53:37 Fortified Wall
53:47 Ballistics
55:39 Elite Skirmisher
Quetzal!
0:48 Loom
10:42 Feudal Age
11:19 Double-Bit Axe
11:26 Gold Mining
11:20 Horse Collar
12:56 Wheelbarrow
13:45 Town Watch
21:18 Castle Age
25:49 Hand Cart
27:46 Bow Saw
28:12 Gold Shaft Mining
27:28 Stone Mining
27:42 Heavy Plow
27:51 Town Patrol
30:10 Fletching
30:21 Padded Archer Armor
35:20 Imperial Age
34:33 Masonry
34:04 Treadmill Crane
35:17 Caravan
36:42 Ballistics
37:24 Chemistry
37:06 Conscription
36:53 Fereters
37:28 Leather Archer Armor
38:40 Bodkin Arrow
42:50 Murder Holes
42:46 Guard Tower
43:04 Bracer
43:34 Ring Archer Armor
45:04 Elite Composite Bowman
47:30 Elite Skirmisher
49:30 Fortified Wall
54:09 Sanctity
54:00 Fervor
56:54 Gambesons
57:10 Squires
56:56 Arson
56:32 Pikeman
57:27 Halberdier
Viejo
9:40 Feudal Age
10:02 Horse Collar
18:49 Castle Age
18:11 Double-Bit Axe
19:43 Wheelbarrow
19:22 Fletching
19:57 Bow Saw
22:02 Bodkin Arrow
23:28 Heavy Plow
24:37 Ballistics
25:24 Padded Archer Armor
26:37 Malon
31:14 Hand Cart
37:14 Imperial Age
34:54 Treadmill Crane
41:42 Elite Bolas Rider
43:25 Caravan
44:59 Chemistry
45:17 Leather Archer Armor
45:03 Scale Mail Armor
46:30 Conscription
49:11 Butalmapu
49:42 Ring Archer Armor
49:23 Forging
55:46 Elite Kona
57:05 Iron Casting
56:46 Chain Mail Armor
56:40 Siege Engineers
56:33 Murder Holes
_Hy_魔君
12:11 Feudal Age
17:07 Castle Age
15:24 Horse Collar
15:33 Double-Bit Axe
15:49 Gold Mining
16:37 Stone Mining
33:40 Bow Saw
34:17 Heavy Plow
39:18 Gold Shaft Mining
43:10 Imperial Age
41:17 Eupseong
42:23 Fletching
43:28 Wheelbarrow
43:42 Bodkin Arrow
45:27 Shinkichon
45:59 Stone Shaft Mining
45:39 Bracer
46:16 Elite War Wagon
48:18 Chemistry
49:12 Two-Man Saw
Connection lost

Rejoining the realm…

Still unreachable

The connection could not be restored.

Session expired

The server has moved on; the page needs a fresh start.